 Dungeon Crawl Stone Soup version 0.22.0-27-ga576289601 (webtiles) character file.

115 Azzok the Stinger (level 5, -1/45 HPs)
             Began as an Ogre Venom Mage on Aug 22, 2018.
             Slain by Natasha (9 damage)
             ... on level 2 of the Dungeon.
             The game lasted 00:03:31 (2311 turns).

Azzok the Stinger (Ogre Venom Mage)                 Turns: 2311, Time: 00:03:32

Health: -1/45      AC:  3    Str: 12    XL:     5   Next: 0%
Magic:  7/8        EV: 10    Int: 17    God:
Gold:   88         SH:  0    Dex:  9    Spells: 7/8 levels left

rFire    . . .     SeeInvis .   i - +0 dagger (venom)
rCold    . . .     Gourm    .   (no shield)
rNeg     . . .     Faith    .   a - +0 robe
rPois    .         Spirit   .   (helmet restricted)
rElec    .         Reflect  .   (no cloak)
rCorr    .         Harm     .   (gloves unavailable)
MR       .....                  (boots unavailable)
Stlth    +.........             q - amulet of magic regeneration
HPRegen  0.15/turn              (no ring)
MPRegen  0.36/turn              (no ring)

@: slowed, very slow
A: large, unfitting armour, tough skin 1
a: no special abilities


You were on level 2 of the Dungeon.
You were hungry.

You visited 1 branch of the dungeon, and saw 2 of its levels.

You collected 88 gold pieces.

Inventory:

Hand Weapons
 i - a +0 dagger of venom (weapon)
Armour
 a - a +0 robe (worn)
Jewellery
 q - an amulet of magic regeneration (around neck)
 r - an uncursed ring of flight {unknown}
Scrolls
 b - 2 scrolls of remove curse {unknown}
 d - 3 scrolls of amnesia {unknown}
 e - a scroll of teleportation {unknown}
 f - a scroll of magic mapping {unknown}
 g - a scroll of fear {unknown}
 k - 4 scrolls of identify {unknown}
Potions
 h - a potion of magic {unknown}
 j - a potion of flight {unknown}
 l - a potion of might {unknown}
 m - a potion of mutation {unknown}
 o - a potion of degeneration {unknown}
 p - 2 potions of curing {unknown}
Comestibles
 c - 4 rations
 n - 4 chunks of flesh


   Skills:
 - Level 1.7 Dodging
 - Level 1.4 Stealth
 - Level 2.4 Spellcasting
 + Level 3.0 Conjurations
 + Level 4.0 Poison Magic


You had 7 spell levels left.
You knew the following spells:

 Your Spells              Type           Power        Failure   Level  Hunger
a - Sting                 Conj/Pois      ##..         4%          1    #......

Your spell library contained the following spells:

 Spells                   Type           Power        Failure   Level  Hunger
 Poisonous Vapours        Pois/Air       #.....       12%         2    ##.....
 Mephitic Cloud           Conj/Pois/Air  ##......     22%         3    ###....
 Olgreb's Toxic Radiance  Pois           ###.....     34%         4    #####..
 Venom Bolt               Conj/Pois      ##........   77%         5    ######.


Dungeon Overview and Level Annotations

Branches:
Dungeon (2/15)

Altars:
Trog

Annotations:
D:2 Natasha, Terence


Innate Abilities, Weirdness & Mutations

You are too large for most types of armour.
You have tough skin. (AC +1)


Message History

Casting: Sting (safe; 4% risk of failure)
Confirm with . or Enter, or press ? or * to list all spells.
Aiming: Sting (safe; 4% risk of failure)
Press: ? - help, Shift-Dir - straight line, f - Natasha
Aim: Natasha The sting hits Natasha.
Natasha is lightly wounded.
Natasha stares at you and mumbles some strange words.
You feel yourself slow down.
Casting: Sting (safe; 4% risk of failure)
Confirm with . or Enter, or press ? or * to list all spells.
Aiming: Sting (safe; 4% risk of failure)
Press: ? - help, Shift-Dir - straight line, f/p - Natasha
Aim: Natasha (lightly wounded)
The sting misses Natasha.
Natasha closely misses you. Natasha claws you but does no damage.
You barely miss Natasha.
Natasha is lightly wounded.
Natasha claws you!
You die...

▒·▒▒▒▒▒▒▒▒·▒
▒▒▒▒▒·······▒▒·▒
▒······▒▒▒▒·▒▒·▒
▒·▒▒▒·▒▒ ▒·▒▒·▒
▒······▒ ▒·▒▒·▒▒▒
▒·▒▒▒·<▒ ▒······· ▒·▒
▒··▒ ▒··▒·▒▒· ▒·▒ ▒··▒
▒···▒·▒· ▒@▒ ▒··▒
▒··▒▒▒··
▒▒▒▒h▒▒▒··▒▒▒▒▒··▒·▒·
▒···@▒▒·········▒·▒▒>
▒▒▒▒▒▒▒▒▒▒
▒▒@▒▒·▒▒··············
·········▒
▒········▒▒▒▒▒▒▒▒▒·▒▒▒
▒▒▒▒▒▒▒▒·▒ ▒··▒▒·▒▒▒▒
▒·▒ ▒ ▒▒▒▒·▒▒▒··▒▒·▒
▒▒▒▒▒▒▒▒·▒ ▒
▒·········▒▒·▒
·········▒ ▒
▒·▒▒·▒▒···▒▒·▒
▒▒▒▒▒▒▒▒·▒


You could see Terence and Natasha.

Vanquished Creatures
  Natasha (twice) (D:2)
  3 adders (D:2)
  2 dart slugs (D:2)
  A leopard gecko (D:1)
  4 bats
  2 goblins (D:1)
  A hobgoblin (D:2)
  7 jackals
  3 kobolds
  A ball python (D:2)
  4 frilled lizards
  7 rats
37 creatures vanquished.

Notes
Turn   | Place    | Note
-------+----------+-------------------------------------------
     0 | D:1      | Azzok the Ogre Venom Mage began the quest for the Orb.
     0 | D:1      | Reached XP level 1. HP: 16/16 MP: 3/3
    75 | D:1      | Reached skill level 1 in Conjurations
   409 | D:1      | Reached skill level 3 in Poison Magic
   409 | D:1      | Reached XP level 2. HP: 24/24 MP: 5/5
  1306 | D:2      | Reached XP level 3. HP: 7/31 MP: 0/6
  1326 | D:2      | HP: 2/46 [poisoned by an adder]
  1653 | D:2      | Noticed Natasha
  1662 | D:2      | Killed Natasha
  1662 | D:2      | Reached XP level 4. HP: 32/39 MP: 4/7
  1710 | D:2      | Noticed Natasha
  1720 | D:2      | Killed Natasha
  2020 | D:2      | Found a bloodstained altar of Trog.
  2097 | D:2      | Reached skill level 4 in Poison Magic
  2183 | D:2      | Noticed Terence
  2184 | D:2      | Noticed Natasha
  2185 | D:2      | Reached XP level 5. HP: 45/45 MP: 8/8
  2225 | D:2      | HP: 2/45 [Terence/flail of protection (4)]
  2311 | D:2      | Slain by Natasha

Skill      XL: |  1  2  3  4 |
---------------+-------------+-----
Conjurations   | 1 2 3 |  3.0
Poison Magic   | 3 4 |  4.0
Dodging        | |  1.7
Stealth        | |  1.4
Spellcasting   | |  2.4

Action                   |  1- 3 |  4- 6 || total
-------------------------+-------+-------++-------
Melee: Unarmed           |     8 |       ||     8
       Dagger            |    43 |    60 ||   103
 Cast: Sting             |    23 |    22 ||    45
  Use: Potion            |     2 |       ||     2
 Stab: Sleeping          |       |     1 ||     1
  Eat: Chunk             |     1 |     3 ||     4
Armor: Robe              |    15 |    29 ||    44
Dodge: Dodged            |    38 |    53 ||    91
